Blues vs Red Wings
Created - 21 novembre 2016 at 19:03
Goals
|
| Blues |
0 |
0 |
1 |
1 |
| Red Wings |
1 |
0 |
1 |
2 |
|
Shots
|
| Blues |
12 |
6 |
7 |
25 |
| Red Wings |
13 |
5 |
8 |
26 |
|
1st period
1. Red Wings , Tomas Plekanec 3 (Steve Downie, Shea Weber) at 12:09
Penalties :
Travis Zajac (STL) for Hooking (Minor) at 15:07
2nd period
No Goal
Penalties :
David Perron (STL) for Hooking (Minor) at 1:38, Mike Richards (Det) for Hooking (Minor) at 10:38, Bryce Lampman (STL) for Holding (Minor) at 17:19
3rd period
2. Red Wings , Rick Nash 9 (Mike Richards, Adam Henrique) at 1:37
3. Blues , David Perron 10 (Nicklas Backstrom) at 17:35
Penalties :
Stephane Robidas (Det) for Holding Stick (Minor) at 2:30, Maxim Kondratiev (Det) for Hooking (Minor) at 18:44
Goalie Stats
Tuukka Rask (STL), 24 saves from 26 shots - (0,923), L, 5-4-1, 58:55 minutes
Michal Neuvirth (Det), 24 saves from 25 shots - (0,960), W, 3-5-2, 60:00 minutes
Players Stats for Blues
Player Name G A P +/- PIM S H SB GA TA FO MP PP MP PK MP
------------------------------------------------------------------------------------
Alex Pietrangelo 0 0 0 0 0 7 4 1 0 0 0/0 25:07 3:03 2:18
Bryce Lampman 0 0 0 0 2 2 0 3 0 1 0/0 22:25 0:00 2:22
Darren Reid 0 0 0 0 0 0 0 0 0 0 0/0 13:12 0:00 0:00
David Perron 1 0 1 0 2 5 0 0 0 0 0/1 18:16 2:47 0:00
Derek Stepan 0 0 0 -1 0 2 0 0 0 1 2/3 9:28 0:00 0:00
Drew Fata 0 0 0 -1 0 0 1 0 0 0 0/0 13:13 0:00 3:27
Guillaume Latendresse 0 0 0 0 0 1 2 0 0 0 0/0 16:53 2:26 1:12
Jake Gardiner 0 0 0 0 0 0 1 0 0 3 0/0 22:12 3:03 0:50
James Neal 0 0 0 0 0 0 1 1 0 0 2/2 18:16 2:47 0:00
Lasse Kukkonen 0 0 0 0 0 1 2 0 0 1 0/0 17:17 2:10 0:21
Lee Stempniak 0 0 0 -1 0 0 1 0 0 0 0/0 9:28 0:00 0:00
Nicklas Backstrom 0 1 1 0 0 5 3 0 1 0 16/27 20:06 2:47 1:48
Nik Antropov 0 0 0 0 0 0 0 0 0 0 5/12 13:49 0:00 3:11
Paul Kariya 0 0 0 0 0 0 2 0 0 0 0/0 10:37 0:00 0:00
Sergei Shirokov 0 0 0 0 0 1 1 0 1 0 1/1 14:38 2:26 1:34
Taylor Pyatt 0 0 0 -1 0 0 0 0 1 0 0/0 12:40 0:00 3:11
Travis Hamonic 0 0 0 -1 0 0 1 2 0 2 0/0 19:46 2:10 2:36
Travis Zajac 0 0 0 0 2 1 1 0 0 0 4/6 16:37 2:26 0:58
Players Stats for Red Wings
Player Name G A P +/- PIM S H SB GA TA FO MP PP MP PK MP
------------------------------------------------------------------------------------
Adam Henrique 0 1 1 1 0 1 2 2 0 0 1/3 18:03 2:31 0:00
Ales Hemsky 0 0 0 0 0 0 1 0 0 0 0/0 11:26 0:00 0:00
Alex Picard 0 0 0 0 0 1 2 0 0 0 0/1 8:03 0:00 0:13
Chris Campoli 0 0 0 0 0 0 1 4 0 0 0/0 18:26 0:00 3:14
Filip Kuba 0 0 0 0 0 1 0 2 0 0 0/0 18:36 1:55 1:59
Jonathan Sigalet 0 0 0 0 0 1 2 2 0 0 0/0 18:01 1:55 0:50
Maxim Kondratiev 0 0 0 0 2 0 0 1 0 0 0/0 16:35 0:00 2:24
Mike Brown 0 0 0 0 0 1 1 0 1 0 0/1 8:59 0:00 1:09
Mike Richards 0 1 1 1 2 2 0 0 0 0 15/28 20:32 3:24 1:34
Nate Thompson 0 0 0 0 0 0 1 0 1 0 1/3 7:50 0:00 0:00
Phil Kessel 0 0 0 0 0 6 0 1 0 0 0/0 17:09 3:24 0:00
Rick Nash 1 0 1 1 0 4 1 0 3 1 1/2 21:39 3:24 2:40
Sean Bergenheim 0 0 0 0 0 1 1 0 1 1 0/1 16:32 2:33 0:00
Shea Weber 0 1 1 1 0 2 5 0 0 0 0/0 25:23 4:02 1:59
Stephane Robidas 0 0 0 1 2 1 1 0 1 0 0/0 22:57 4:02 0:00
Steve Downie 0 1 1 0 0 1 4 0 1 1 0/0 13:59 0:02 2:14
Tomas Plekanec 1 0 1 0 0 3 2 0 0 0 1/4 11:26 0:00 0:00
Tyler Johnson 0 0 0 0 0 1 1 1 0 0 3/9 19:08 2:33 2:36
3 Stars
1 - Michal Neuvirth (Det)
2 - Rick Nash (Det)
3 - Shea Weber (Det)
Power Play
Blues - 0 on 3 Attempt(s) - 0,00%
Red Wings - 0 on 3 Attempt(s) - 0,00%
Penalty Kill
Blues - 3 on 3 Attempt(s) - 100,00%
- Score 0 goal in Penalty Kill
Red Wings - 3 on 3 Attempt(s) - 100,00%
- Score 0 goal in Penalty Kill
Team Stat
Blues - Hits : 20 - Faceoff Wins : 30 - Blocked Shots : 7 - Penalty Minutes : 6
Red Wings - Hits : 25 - Faceoff Wins : 22 - Blocked Shots : 13 - Penalty Minutes : 6
Official
Referees : Walkom Stephen and Devorski Paul
Linesman : Shane Heyer and Derek Nansen
Game Notes
No Game Note
Finance
Level 1 -- Attendance: 6000 (100,00%) -- Ticket Income 450 000 $
Level 2 -- Attendance: 4734 (94,68%) -- Ticket Income 227 232 $
Level 3 -- Attendance: 2000 (100,00%) -- Ticket Income 56 000 $
Level 4 -- Attendance: 4000 (100,00%) -- Ticket Income 80 000 $
Luxury Box -- Attendance: 998 (99,80%) -- Ticket Income 154 690 $
Game was played at the Joe Louis Arena.
Total Attendance: 17732 (98,51%)
Total Ticket Income: 967 922 $
Other Income: 145 188 $
Total Income: 1 113 110 $
Blues
5 vs 5 Forward
Center Left Wing Right Wing Time % Phy DF OF
1 Nicklas Backstrom David Perron James Neal 40 1 2 2
2 Travis Zajac Guillaume Latendresse Darren Reid 30 1 2 2
3 Nik Antropov Paul Kariya Sergei Shirokov 20 1 2 2
4 Derek Stepan Taylor Pyatt Lee Stempniak 10 1 2 2
5 vs 5 Defense
Defense Defense Time % Phy DF OF
1 Bryce Lampman Alex Pietrangelo 40 1 2 2
2 Travis Hamonic Jake Gardiner 30 1 2 2
3 Drew Fata Lasse Kukkonen 20 1 2 2
4 Jake Gardiner Lasse Kukkonen 10 1 2 2
PowerPlay Forward
Center Left Wing Right Wing Time % Phy DF OF
1 Nicklas Backstrom David Perron James Neal 60 1 2 2
2 Travis Zajac Guillaume Latendresse Sergei Shirokov 40 1 2 2
PowerPlay Defense
Defense Defense Time % Phy DF OF
1 Jake Gardiner Alex Pietrangelo 60 1 2 2
2 Travis Hamonic Lasse Kukkonen 40 1 2 2
Penalty Kill 4 Players Forward
Center Wing Time % Phy DF OF
1 Nik Antropov Taylor Pyatt 60 1 2 2
2 Travis Zajac Sergei Shirokov 40 1 2 2
Penalty Kill 4 Players Defense
Defense Defense Time % Phy DF OF
1 Bryce Lampman Drew Fata 60 1 2 2
2 Alex Pietrangelo Travis Hamonic 40 1 2 2
Penalty Kill - 3 Players Forward
Forward Time % Phy DF OF
1 Nik Antropov 60 1 2 2
2 Taylor Pyatt 40 1 2 2
Penalty Kill - 3 Players Defense
Defense Defense Time % Phy DF OF
1 Bryce Lampman Jake Gardiner 60 1 2 2
2 Alex Pietrangelo Drew Fata 40 1 2 2
4 vs 4 Forward
Center Wing Time % Phy DF OF
1 Travis Zajac David Perron 60 1 2 2
2 Nicklas Backstrom Guillaume Latendresse 40 1 2 2
4 vs 4 Defense
Defense Defense Time % Phy DF OF
1 Bryce Lampman Alex Pietrangelo 60 1 2 2
2 Drew Fata Jake Gardiner 40 1 2 2
Last Minutes Offensive
Center Left Wing Right Wing Defense Defense
Nicklas Backstrom David Perron James Neal Jake Gardiner Alex Pietrangelo
Last Minutes Defensive
Center Left Wing Right Wing Defense Defense
Nik Antropov Guillaume Latendresse Darren Reid Bryce Lampman Drew Fata
Goaltenders
Starting : Tuukka Rask
Backup : Ilya Bryzgalov
Extra Forwards
Normal : Nicklas Backstrom, Sergei Shirokov, Lee Stempniak - PP : Nicklas Backstrom, David Perron - PK : Taylor Pyatt
Extra Defensemen
Normal : Drew Fata, Lasse Kukkonen, Jake Gardiner - PP : Bryce Lampman - PK : Travis Hamonic, Jake Gardiner
Penalty Shots
David Perron, Guillaume Latendresse, Travis Zajac, Nik Antropov, Sergei Shirokov
Red Wings
5 vs 5 Forward
Center Left Wing Right Wing Time % Phy DF OF
1 Mike Richards Rick Nash Adam Henrique 40 0 2 3
2 Tyler Johnson Sean Bergenheim Phil Kessel 30 0 2 3
3 Tomas Plekanec Ales Hemsky Steve Downie 20 1 2 2
4 Nate Thompson Alex Picard Mike Brown 10 1 2 2
5 vs 5 Defense
Defense Defense Time % Phy DF OF
1 Shea Weber Stephane Robidas 40 1 2 2
2 Filip Kuba Maxim Kondratiev 30 0 3 2
3 Chris Campoli Jonathan Sigalet 20 1 2 2
4 Chris Campoli Jonathan Sigalet 10 1 3 1
PowerPlay Forward
Center Left Wing Right Wing Time % Phy DF OF
1 Mike Richards Rick Nash Phil Kessel 60 0 1 4
2 Tyler Johnson Adam Henrique Sean Bergenheim 40 0 1 4
PowerPlay Defense
Defense Defense Time % Phy DF OF
1 Shea Weber Stephane Robidas 60 0 2 3
2 Filip Kuba Jonathan Sigalet 40 0 2 3
Penalty Kill 4 Players Forward
Center Wing Time % Phy DF OF
1 Tyler Johnson Steve Downie 50 1 2 2
2 Mike Richards Rick Nash 50 1 2 2
Penalty Kill 4 Players Defense
Defense Defense Time % Phy DF OF
1 Maxim Kondratiev Chris Campoli 60 1 2 2
2 Shea Weber Filip Kuba 40 1 2 2
Penalty Kill - 3 Players Forward
Forward Time % Phy DF OF
1 Tyler Johnson 60 1 2 2
2 Steve Downie 40 1 2 2
Penalty Kill - 3 Players Defense
Defense Defense Time % Phy DF OF
1 Maxim Kondratiev Chris Campoli 60 1 2 2
2 Shea Weber Filip Kuba 40 1 2 2
4 vs 4 Forward
Center Wing Time % Phy DF OF
1 Mike Richards Rick Nash 60 1 2 2
2 Tyler Johnson Sean Bergenheim 40 1 2 2
4 vs 4 Defense
Defense Defense Time % Phy DF OF
1 Shea Weber Filip Kuba 50 1 2 2
2 Stephane Robidas Jonathan Sigalet 50 1 2 2
Last Minutes Offensive
Center Left Wing Right Wing Defense Defense
Mike Richards Rick Nash Phil Kessel Shea Weber Filip Kuba
Last Minutes Defensive
Center Left Wing Right Wing Defense Defense
Tyler Johnson Rick Nash Steve Downie Shea Weber Maxim Kondratiev
Goaltenders
Starting : Michal Neuvirth
Backup : Mike McKenna
Extra Forwards
Normal : Rick Nash, Sean Bergenheim, Adam Henrique - PP : Steve Downie, Ales Hemsky - PK : Mike Brown
Extra Defensemen
Normal : Shea Weber, Filip Kuba, Jonathan Sigalet - PP : Chris Campoli - PK : Jonathan Sigalet, Stephane Robidas
Penalty Shots
Rick Nash, Mike Richards, Steve Downie, Shea Weber, Phil Kessel
% Time on Ice - Blues
Lines # - Real PCT - Wanted PCT - Time Play
Normal Forward
1 - 32% - 40% - 15:32
2 - 27% - 30% - 13:13
3 - 22% - 20% - 10:37
4 - 19% - 10% - 9:28
Normal Defense
1 - 41% - 40% - 20:04
2 - 31% - 30% - 15:00
3 - 19% - 20% - 9:29
4 - 9% - 10% - 4:17
PP Forward
1 - 53% - 60% - 2:47
2 - 47% - 40% - 2:26
PP Defense
1 - 58% - 60% - 3:03
2 - 42% - 40% - 2:10
PK Forward
1 - 74% - 60% - 4:23
2 - 26% - 40% - 1:34
PK Defense
1 - 64% - 60% - 3:48
2 - 36% - 40% - 2:09
PK3 Forward
1 - 0% - 60%
2 - 0% - 40%
PK3 Defense
1 - 0% - 60%
2 - 0% - 40%
44 Forward
1 - 0% - 60%
2 - 0% - 40%
44 Defense
1 - 0% - 60%
2 - 0% - 40%
Last Minute Offensive - 0:00
Last Minute Defensive - 0:00
Total
Forward - 60:00
Defense - 60:00
|
% Time on Ice - Red Wings
Lines # - Real PCT - Wanted PCT - Time Play
Normal Forward
1 - 32% - 40% - 15:35
2 - 29% - 30% - 13:59
3 - 23% - 20% - 11:26
4 - 16% - 10% - 7:50
Normal Defense
1 - 39% - 40% - 19:14
2 - 30% - 30% - 14:42
3 - 21% - 20% - 10:17
4 - 9% - 10% - 4:37
PP Forward
1 - 57% - 60% - 3:24
2 - 43% - 40% - 2:33
PP Defense
1 - 68% - 60% - 4:02
2 - 32% - 40% - 1:55
PK Forward
1 - 45% - 50% - 2:20
2 - 55% - 50% - 2:53
PK Defense
1 - 62% - 60% - 3:14
2 - 38% - 40% - 1:59
PK3 Forward
1 - 0% - 60%
2 - 0% - 40%
PK3 Defense
1 - 0% - 60%
2 - 0% - 40%
44 Forward
1 - 0% - 60%
2 - 0% - 40%
44 Defense
1 - 0% - 50%
2 - 0% - 50%
Last Minute Offensive - 0:00
Last Minute Defensive - 0:00
Total
Forward - 60:00
Defense - 60:00
|
Play by Play
1st period
0:01 of 1st period - Nicklas Backstrom wins face-off versus Mike Richards in neutral zone.
0:31 of 1st period - Snap shot by Alex Pietrangelo.
0:31 of 1st period - Stopped by Michal Neuvirth with a rebound.
0:33 of 1st period - Slapshot by Alex Pietrangelo.
0:33 of 1st period - Shot Misses the Net.
0:35 of 1st period - Slapshot by Bryce Lampman.
0:35 of 1st period - Stopped by Michal Neuvirth with a rebound.
0:37 of 1st period - Backhand shot by Guillaume Latendresse.
0:37 of 1st period - Shot Blocked by Maxim Kondratiev.
0:39 of 1st period - Snap shot by Guillaume Latendresse.
0:39 of 1st period - Shot Blocked by Filip Kuba.
1:51 of 1st period - Snap shot by Guillaume Latendresse.
1:51 of 1st period - Shot Misses the Net.
2:39 of 1st period - Snap shot by David Perron.
2:39 of 1st period - Stopped by Michal Neuvirth with a rebound.
3:57 of 1st period - Slapshot by James Neal.
3:57 of 1st period - Shot Misses the Net.
3:59 of 1st period - Snap shot by Nicklas Backstrom.
3:59 of 1st period - Stopped by Michal Neuvirth with a rebound.
4:01 of 1st period - Slapshot by Travis Hamonic.
4:01 of 1st period - Deflect By David Perron.
4:01 of 1st period - Stopped by Michal Neuvirth with a rebound.
4:13 of 1st period - Wrist shot by Phil Kessel.
4:13 of 1st period - Deflect By Sean Bergenheim.
4:13 of 1st period - Shot Misses the Net.
4:13 of 1st period - Puck is out of play.
4:14 of 1st period - Tyler Johnson wins face-off versus Travis Zajac in Blues zone.
4:25 of 1st period - Snap shot by Phil Kessel.
4:25 of 1st period - Stopped by Tuukka Rask with a rebound.
4:31 of 1st period - Snap shot by Sean Bergenheim.
4:31 of 1st period - Shot Misses the Net.
4:33 of 1st period - Slapshot by Jonathan Sigalet.
4:33 of 1st period - Stopped by Tuukka Rask without a rebound.
4:34 of 1st period - Mike Richards wins face-off versus Nicklas Backstrom in Blues zone.
4:37 of 1st period - Wrist shot by Rick Nash.
4:37 of 1st period - Deflect By Mike Richards.
4:37 of 1st period - Shot Blocked by Bryce Lampman.
4:37 of 1st period - Puck is out of play.
4:38 of 1st period - Nicklas Backstrom wins face-off versus Mike Richards in Blues zone.
4:46 of 1st period - Off-side.
4:47 of 1st period - Mike Richards wins face-off versus Nicklas Backstrom in neutral zone.
5:00 of 1st period - Mike Richards is hit by Nicklas Backstrom and loses puck.
5:13 of 1st period - Guillaume Latendresse is hit by Jonathan Sigalet and loses puck.
5:57 of 1st period - Mike Brown is hit by Alex Pietrangelo and loses puck.
6:52 of 1st period - Wrist shot by Guillaume Latendresse.
6:52 of 1st period - Stopped by Michal Neuvirth with a rebound.
6:54 of 1st period - Wrist shot by Travis Zajac.
6:54 of 1st period - Stopped by Michal Neuvirth with a rebound.
7:08 of 1st period - Wrist shot by Tomas Plekanec.
7:08 of 1st period - Stopped by Tuukka Rask with a rebound.
8:02 of 1st period - Nate Thompson is hit by Jake Gardiner and loses puck.
8:50 of 1st period - Off-side.
8:51 of 1st period - Nik Antropov wins face-off versus Adam Henrique in neutral zone.
9:20 of 1st period - Wrist shot by Tyler Johnson.
9:20 of 1st period - Shot Misses the Net.
9:22 of 1st period - Snap shot by Tyler Johnson.
9:22 of 1st period - Shot Misses the Net.
9:24 of 1st period - Slapshot by Filip Kuba.
9:24 of 1st period - Stopped by Tuukka Rask without a rebound.
9:25 of 1st period - Mike Richards wins face-off versus Nicklas Backstrom in Blues zone.
9:26 of 1st period - Snap shot by Rick Nash.
9:26 of 1st period - Stopped by Tuukka Rask with a rebound.
9:28 of 1st period - Wrist shot by Rick Nash.
9:28 of 1st period - Deflect By Mike Richards.
9:28 of 1st period - Stopped by Tuukka Rask without a rebound.
9:29 of 1st period - James Neal wins face-off versus Mike Richards in Blues zone.
9:47 of 1st period - Off-side.
9:48 of 1st period - Travis Zajac wins face-off versus Tyler Johnson in neutral zone.
9:55 of 1st period - Slapshot by Travis Zajac.
9:55 of 1st period - Shot Hit the Post.
9:57 of 1st period - Slapshot by Alex Pietrangelo.
9:57 of 1st period - Shot Misses the Net.
9:59 of 1st period - Snap shot by Alex Pietrangelo.
9:59 of 1st period - Stopped by Michal Neuvirth without a rebound.
10:00 of 1st period - Mike Richards wins face-off versus Nicklas Backstrom in Red Wings zone.
10:09 of 1st period - Snap shot by Alex Pietrangelo.
10:09 of 1st period - Stopped by Michal Neuvirth with a rebound.
10:11 of 1st period - Snap shot by Nicklas Backstrom.
10:11 of 1st period - Stopped by Michal Neuvirth without a rebound.
10:12 of 1st period - Travis Zajac wins face-off versus Mike Richards in Red Wings zone.
10:37 of 1st period - Alex Pietrangelo is hit by Tomas Plekanec and loses puck.
10:52 of 1st period - Snap shot by Travis Zajac.
10:52 of 1st period - Shot Misses the Net.
11:14 of 1st period - Wrist shot by Phil Kessel.
11:14 of 1st period - Stopped by Tuukka Rask without a rebound.
11:15 of 1st period - Adam Henrique wins face-off versus Nicklas Backstrom in Blues zone.
11:42 of 1st period - Sean Bergenheim is hit by Paul Kariya and loses puck.
12:09 of 1st period - Snap shot by Tomas Plekanec.
12:09 of 1st period - Goal by Tomas Plekanec - Blues : 0 - Red Wings : 1.
12:10 of 1st period - Mike Richards wins face-off versus Nicklas Backstrom in neutral zone.
12:52 of 1st period - Lasse Kukkonen is hit by Steve Downie and loses puck.
13:06 of 1st period - Off-side.
13:07 of 1st period - Sergei Shirokov wins face-off versus Alex Picard in neutral zone.
13:14 of 1st period - Snap shot by Sergei Shirokov.
13:14 of 1st period - Deflect By Stephane Robidas.
13:14 of 1st period - Stopped by Michal Neuvirth without a rebound.
13:15 of 1st period - Nicklas Backstrom wins face-off versus Mike Richards in Red Wings zone.
14:02 of 1st period - Icing by Bryce Lampman.
14:03 of 1st period - Nik Antropov wins face-off versus Tomas Plekanec in Blues zone.
14:08 of 1st period - Filip Kuba is hit by Alex Pietrangelo.
14:35 of 1st period - Slapshot by Nicklas Backstrom.
14:35 of 1st period - Shot Misses the Net.
15:07 of 1st period - Minor Penalty to Travis Zajac for Hooking.
15:08 of 1st period - Mike Richards wins face-off versus Nik Antropov in Blues zone.
15:09 of 1st period - Slapshot by Phil Kessel.
15:09 of 1st period - Stopped by Tuukka Rask without a rebound.
15:10 of 1st period - Nik Antropov wins face-off versus Mike Richards in Blues zone.
15:10 of 1st period - Nik Antropov is hit by Shea Weber.
15:26 of 1st period - Snap shot by Rick Nash.
15:26 of 1st period - Stopped by Tuukka Rask without a rebound.
15:27 of 1st period - Mike Richards wins face-off versus Nik Antropov in Blues zone.
16:30 of 1st period - Sergei Shirokov is hit by Sean Bergenheim and loses puck.
17:07 of 1st period - Penalty to Travis Zajac is over, Travis Zajac is back on ice.
17:13 of 1st period - Travis Zajac is hit by Steve Downie and loses puck.
17:18 of 1st period - Wrist shot by Steve Downie.
17:18 of 1st period - Shot Misses the Net.
17:20 of 1st period - Snap shot by Steve Downie.
17:20 of 1st period - Stopped by Tuukka Rask with a rebound.
17:22 of 1st period - Wrist shot by Tomas Plekanec.
17:22 of 1st period - Stopped by Tuukka Rask without a rebound.
17:23 of 1st period - Nate Thompson wins face-off versus Nik Antropov in Blues zone.
17:46 of 1st period - Snap shot by Tomas Plekanec.
17:46 of 1st period - Deflect By Ales Hemsky.
17:46 of 1st period - Shot Misses the Net.
17:46 of 1st period - Puck is out of play.
17:47 of 1st period - Derek Stepan wins face-off versus Tomas Plekanec in Blues zone.
18:05 of 1st period - Lee Stempniak is hit by Shea Weber and loses puck.
18:39 of 1st period - Slapshot by Stephane Robidas.
18:39 of 1st period - Stopped by Tuukka Rask without a rebound.
18:40 of 1st period - Nicklas Backstrom wins face-off versus Mike Richards in Blues zone.
19:09 of 1st period - Snap shot by Alex Pietrangelo.
19:09 of 1st period - Shot Blocked by Chris Campoli.
19:11 of 1st period - Snap shot by Sergei Shirokov.
19:11 of 1st period - Shot Misses the Net.
19:13 of 1st period - Slapshot by Alex Pietrangelo.
19:13 of 1st period - Stopped by Michal Neuvirth with a rebound.
19:15 of 1st period - Slapshot by Bryce Lampman.
19:15 of 1st period - Shot Blocked by Adam Henrique.
19:17 of 1st period - Snap shot by Nik Antropov.
19:17 of 1st period - Shot Misses the Net.
19:39 of 1st period - Icing by Jake Gardiner.
19:40 of 1st period - Travis Zajac wins face-off versus Tyler Johnson in Blues zone.
19:40 of 1st period - Darren Reid is hit by Shea Weber and loses puck.
Goals for this period are 0 for Blues vs 1 for Red Wings.
Shots for this period are 12 for Blues vs 13 for Red Wings.
2nd period
0:01 of 2nd period - Mike Richards wins face-off versus David Perron in neutral zone.
0:06 of 2nd period - Snap shot by Rick Nash.
0:06 of 2nd period - Shot Misses the Net.
0:08 of 2nd period - Snap shot by Rick Nash.
0:08 of 2nd period - Stopped by Tuukka Rask with a rebound.
0:10 of 2nd period - Wrist shot by Mike Richards.
0:10 of 2nd period - Shot Blocked by Travis Hamonic.
0:12 of 2nd period - Slapshot by Stephane Robidas.
0:12 of 2nd period - Shot Misses the Net.
0:26 of 2nd period - Sean Bergenheim is hit by Travis Hamonic and loses puck.
0:38 of 2nd period - Slapshot by Travis Zajac.
0:38 of 2nd period - Shot Blocked by Filip Kuba.
1:37 of 2nd period - Snap shot by David Perron.
1:37 of 2nd period - Shot Blocked by Chris Campoli.
1:38 of 2nd period - Minor Penalty to David Perron for Hooking.
1:39 of 2nd period - Mike Richards wins face-off versus Nik Antropov in Blues zone.
1:51 of 2nd period - Wrist shot by Mike Richards.
1:51 of 2nd period - Stopped by Tuukka Rask without a rebound.
1:52 of 2nd period - Mike Richards wins face-off versus Nik Antropov in Blues zone.
2:19 of 2nd period - Taylor Pyatt is hit by Shea Weber and loses puck.
3:08 of 2nd period - Mike Richards is hit by Drew Fata and loses puck.
3:26 of 2nd period - Filip Kuba is hit by Alex Pietrangelo and loses puck.
3:38 of 2nd period - Penalty to David Perron is over, David Perron is back on ice.
4:06 of 2nd period - Tomas Plekanec is hit by Lasse Kukkonen and loses puck.
5:38 of 2nd period - Sergei Shirokov is hit by Mike Brown and loses puck.
6:06 of 2nd period - Taylor Pyatt is hit by Ales Hemsky and loses puck.
6:29 of 2nd period - James Neal is hit by Nate Thompson and loses puck.
6:42 of 2nd period - Shea Weber is hit by Lasse Kukkonen and loses puck.
7:18 of 2nd period - Snap shot by David Perron.
7:18 of 2nd period - Shot Blocked by Phil Kessel.
7:20 of 2nd period - Snap shot by David Perron.
7:20 of 2nd period - Shot Misses the Net.
7:31 of 2nd period - Snap shot by Phil Kessel.
7:31 of 2nd period - Stopped by Tuukka Rask without a rebound.
7:32 of 2nd period - Mike Richards wins face-off versus Derek Stepan in Blues zone.
8:06 of 2nd period - Jake Gardiner is hit by Steve Downie and loses puck.
8:23 of 2nd period - Drew Fata is hit by Alex Picard and loses puck.
8:44 of 2nd period - Travis Zajac is hit by Adam Henrique and loses puck.
8:58 of 2nd period - Off-side.
8:59 of 2nd period - Nicklas Backstrom wins face-off versus Tyler Johnson in neutral zone.
9:26 of 2nd period - Sergei Shirokov is hit by Shea Weber and loses puck.
9:53 of 2nd period - Snap shot by Derek Stepan.
9:53 of 2nd period - Shot Blocked by Chris Campoli.
9:55 of 2nd period - Slapshot by Bryce Lampman.
9:55 of 2nd period - Stopped by Michal Neuvirth with a rebound.
10:13 of 2nd period - Snap shot by Alex Picard.
10:13 of 2nd period - Stopped by Tuukka Rask without a rebound.
10:14 of 2nd period - Nicklas Backstrom wins face-off versus Mike Richards in Blues zone.
10:14 of 2nd period - Nicklas Backstrom is hit by Adam Henrique.
10:35 of 2nd period - David Perron is hit by Rick Nash and loses puck.
10:38 of 2nd period - Minor Penalty to Mike Richards for Hooking.
10:39 of 2nd period - Tyler Johnson wins face-off versus Nicklas Backstrom in Red Wings zone.
11:06 of 2nd period - Guillaume Latendresse is hit by Steve Downie and loses puck.
11:56 of 2nd period - Icing by Guillaume Latendresse.
11:57 of 2nd period - Travis Zajac wins face-off versus Mike Brown in Blues zone.
12:12 of 2nd period - James Neal is hit by Chris Campoli and loses puck.
12:38 of 2nd period - Penalty to Mike Richards is over, Mike Richards is back on ice.
12:43 of 2nd period - Lee Stempniak is hit by Tomas Plekanec and loses puck.
14:01 of 2nd period - Snap shot by Alex Pietrangelo.
14:01 of 2nd period - Stopped by Michal Neuvirth without a rebound.
14:02 of 2nd period - Derek Stepan wins face-off versus Mike Richards in Red Wings zone.
14:28 of 2nd period - Snap shot by Derek Stepan.
14:28 of 2nd period - Stopped by Michal Neuvirth without a rebound.
14:29 of 2nd period - Rick Nash wins face-off versus Nicklas Backstrom in Red Wings zone.
15:47 of 2nd period - Slapshot by Alex Pietrangelo.
15:47 of 2nd period - Stopped by Michal Neuvirth with a rebound.
16:07 of 2nd period - Slapshot by Alex Pietrangelo.
16:07 of 2nd period - Stopped by Michal Neuvirth without a rebound.
16:08 of 2nd period - Nicklas Backstrom wins face-off versus Nate Thompson in Red Wings zone.
16:09 of 2nd period - Snap shot by David Perron.
16:09 of 2nd period - Stopped by Michal Neuvirth without a rebound.
16:10 of 2nd period - Nicklas Backstrom wins face-off versus Nate Thompson in Red Wings zone.
16:35 of 2nd period - Snap shot by Mike Brown.
16:35 of 2nd period - Stopped by Tuukka Rask without a rebound.
16:36 of 2nd period - Mike Richards wins face-off versus Travis Zajac in Blues zone.
16:39 of 2nd period - Snap shot by Rick Nash.
16:39 of 2nd period - Shot Misses the Net.
17:19 of 2nd period - Minor Penalty to Bryce Lampman for Holding.
17:20 of 2nd period - Mike Richards wins face-off versus Nik Antropov in Blues zone.
17:21 of 2nd period - Snap shot by Rick Nash.
17:21 of 2nd period - Shot Misses the Net.
17:56 of 2nd period - Sergei Shirokov is hit by Tyler Johnson and loses puck.
18:43 of 2nd period - Nicklas Backstrom is hit by Jonathan Sigalet and loses puck.
19:19 of 2nd period - Penalty to Bryce Lampman is over, Bryce Lampman is back on ice.
19:42 of 2nd period - Mike Brown is hit by Guillaume Latendresse and loses puck.
Goals for this period are 0 for Blues vs 0 for Red Wings.
Shots for this period are 6 for Blues vs 5 for Red Wings.
3rd period
0:01 of 3rd period - Nicklas Backstrom wins face-off versus Rick Nash in neutral zone.
0:14 of 3rd period - Snap shot by David Perron.
0:14 of 3rd period - Stopped by Michal Neuvirth with a rebound.
0:16 of 3rd period - Wrist shot by Nicklas Backstrom.
0:16 of 3rd period - Stopped by Michal Neuvirth with a rebound.
1:10 of 3rd period - Wrist shot by Taylor Pyatt.
1:10 of 3rd period - Shot Misses the Net.
1:12 of 3rd period - Slapshot by Travis Hamonic.
1:12 of 3rd period - Deflect By Derek Stepan.
1:12 of 3rd period - Stopped by Michal Neuvirth with a rebound.
1:37 of 3rd period - Snap shot by Rick Nash.
1:37 of 3rd period - Goal by Rick Nash - Blues : 0 - Red Wings : 2.
1:38 of 3rd period - Nicklas Backstrom wins face-off versus Mike Richards in neutral zone.
1:43 of 3rd period - Slapshot by Nicklas Backstrom.
1:43 of 3rd period - Deflect By James Neal.
1:43 of 3rd period - Shot Misses the Net.
1:43 of 3rd period - Puck is out of play.
1:44 of 3rd period - Nicklas Backstrom wins face-off versus Mike Richards in Red Wings zone.
1:55 of 3rd period - Snap shot by Adam Henrique.
1:55 of 3rd period - Shot Misses the Net.
2:30 of 3rd period - Minor Penalty to Stephane Robidas for Holding Stick.
2:31 of 3rd period - Nicklas Backstrom wins face-off versus Tyler Johnson in Red Wings zone.
2:40 of 3rd period - Wrist shot by Nicklas Backstrom.
2:40 of 3rd period - Shot Blocked by Tyler Johnson.
4:30 of 3rd period - Penalty to Stephane Robidas is over, Stephane Robidas is back on ice.
5:04 of 3rd period - Icing by Bryce Lampman.
5:05 of 3rd period - Tomas Plekanec wins face-off versus Nik Antropov in Blues zone.
5:12 of 3rd period - Snap shot by Mike Richards.
5:12 of 3rd period - Shot Misses the Net.
5:14 of 3rd period - Wrist shot by Jonathan Sigalet.
5:14 of 3rd period - Shot Blocked by Bryce Lampman.
5:16 of 3rd period - Slapshot by Adam Henrique.
5:16 of 3rd period - Shot Blocked by Alex Pietrangelo.
5:26 of 3rd period - Rick Nash is hit by Alex Pietrangelo and loses puck.
5:47 of 3rd period - Slapshot by Adam Henrique.
5:47 of 3rd period - Stopped by Tuukka Rask without a rebound.
5:48 of 3rd period - James Neal wins face-off versus Sean Bergenheim in Blues zone.
6:15 of 3rd period - Stephane Robidas is hit by Guillaume Latendresse and loses puck.
6:56 of 3rd period - Phil Kessel is hit by James Neal and loses puck.
7:58 of 3rd period - Chris Campoli is hit by Sergei Shirokov and loses puck.
8:15 of 3rd period - Wrist shot by Nicklas Backstrom.
8:15 of 3rd period - Stopped by Michal Neuvirth without a rebound.
8:16 of 3rd period - Tyler Johnson wins face-off versus Nicklas Backstrom in Red Wings zone.
8:23 of 3rd period - Snap shot by Phil Kessel.
8:23 of 3rd period - Stopped by Tuukka Rask with a rebound.
8:25 of 3rd period - Wrist shot by Filip Kuba.
8:25 of 3rd period - Deflect By Phil Kessel.
8:25 of 3rd period - Stopped by Tuukka Rask without a rebound.
8:26 of 3rd period - Nicklas Backstrom wins face-off versus Tyler Johnson in Blues zone.
8:39 of 3rd period - Slapshot by Maxim Kondratiev.
8:39 of 3rd period - Deflect By Tyler Johnson.
8:39 of 3rd period - Stopped by Tuukka Rask without a rebound.
8:40 of 3rd period - Nicklas Backstrom wins face-off versus Mike Richards in Blues zone.
9:08 of 3rd period - Phil Kessel is hit by Paul Kariya and loses puck.
9:51 of 3rd period - Bryce Lampman is hit by Alex Picard and loses puck.
10:20 of 3rd period - Snap shot by Nicklas Backstrom.
10:20 of 3rd period - Shot Blocked by Adam Henrique.
10:22 of 3rd period - Wrist shot by Lasse Kukkonen.
10:22 of 3rd period - Stopped by Michal Neuvirth with a rebound.
11:32 of 3rd period - Jake Gardiner is hit by Stephane Robidas and loses puck.
11:41 of 3rd period - Snap shot by Nate Thompson.
11:41 of 3rd period - Shot Misses the Net.
12:28 of 3rd period - Wrist shot by Mike Richards.
12:28 of 3rd period - Deflect By Darren Reid.
12:28 of 3rd period - Shot Misses the Net.
12:28 of 3rd period - Puck is out of play.
12:29 of 3rd period - Mike Richards wins face-off versus Nicklas Backstrom in Blues zone.
12:44 of 3rd period - Wrist shot by Rick Nash.
12:44 of 3rd period - Shot Misses the Net.
13:09 of 3rd period - Slapshot by Travis Zajac.
13:09 of 3rd period - Shot Misses the Net.
13:19 of 3rd period - Slapshot by Shea Weber.
13:19 of 3rd period - Stopped by Tuukka Rask with a rebound.
13:21 of 3rd period - Snap shot by Shea Weber.
13:21 of 3rd period - Stopped by Tuukka Rask with a rebound.
13:31 of 3rd period - Snap shot by Sean Bergenheim.
13:31 of 3rd period - Stopped by Tuukka Rask with a rebound.
13:33 of 3rd period - Snap shot by Phil Kessel.
13:33 of 3rd period - Shot Blocked by Bryce Lampman.
15:03 of 3rd period - Jonathan Sigalet is hit by Lee Stempniak and loses puck.
15:07 of 3rd period - Icing by Tyler Johnson.
15:08 of 3rd period - Nicklas Backstrom wins face-off versus Tyler Johnson in Red Wings zone.
15:29 of 3rd period - Wrist shot by Sean Bergenheim.
15:29 of 3rd period - Shot Misses the Net.
15:31 of 3rd period - Snap shot by Tyler Johnson.
15:31 of 3rd period - Shot Blocked by James Neal.
15:33 of 3rd period - Slapshot by Tyler Johnson.
15:33 of 3rd period - Shot Blocked by Travis Hamonic.
15:35 of 3rd period - Snap shot by Phil Kessel.
15:35 of 3rd period - Deflect By Sean Bergenheim.
15:35 of 3rd period - Shot Misses the Net.
15:35 of 3rd period - Puck is out of play.
15:36 of 3rd period - Nik Antropov wins face-off versus Adam Henrique in Blues zone.
16:02 of 3rd period - Tomas Plekanec is hit by Travis Zajac and loses puck.
16:29 of 3rd period - Mike Brown is hit by Nicklas Backstrom and loses puck.
16:36 of 3rd period - Slapshot by Chris Campoli.
16:36 of 3rd period - Shot Hit the Post.
17:29 of 3rd period - Snap shot by David Perron.
17:29 of 3rd period - Shot Misses the Net.
17:31 of 3rd period - Slapshot by David Perron.
17:31 of 3rd period - Shot Misses the Net.
17:33 of 3rd period - Wrist shot by Nicklas Backstrom.
17:33 of 3rd period - Stopped by Michal Neuvirth with a rebound.
17:35 of 3rd period - Wrist shot by David Perron.
17:35 of 3rd period - Goal by David Perron - Blues : 1 - Red Wings : 2.
17:36 of 3rd period - Nik Antropov wins face-off versus Tomas Plekanec in neutral zone.
18:12 of 3rd period - Filip Kuba is hit by Nicklas Backstrom.
18:44 of 3rd period - Minor Penalty to Maxim Kondratiev for Hooking.
18:45 of 3rd period - Mike Richards wins face-off versus Nicklas Backstrom in Red Wings zone.
18:49 of 3rd period - Off-side.
18:50 of 3rd period - Claude Julien call a timeout for Blues.
18:50 of 3rd period - Nicklas Backstrom wins face-off versus Mike Richards in neutral zone.
18:55 of 3rd period - Blues, Tuukka Rask is pulled from the net.
19:23 of 3rd period - Slapshot by Alex Pietrangelo.
19:23 of 3rd period - Shot Blocked by Jonathan Sigalet.
19:25 of 3rd period - Slapshot by Jake Gardiner.
19:25 of 3rd period - Shot Blocked by Chris Campoli.
19:27 of 3rd period - Wrist shot by Travis Zajac.
19:27 of 3rd period - Shot Blocked by Jonathan Sigalet.
Goals for this period are 1 for Blues vs 1 for Red Wings.
Shots for this period are 7 for Blues vs 8 for Red Wings.
Back to the Top